 Dungeon Crawl Stone Soup version 0.19-a0-1225-gf887c1c (webtiles) character file.

18580 glosham the Phalangite (level 12, -4/91 HPs)
             Began as a Merfolk Abyssal Knight on Aug 25, 2016.
             Was an Elder of Lugonu.
             Slain by a seven-headed hydra (9 damage)
             ... on level 1 of the Lair of Beasts.
             The game lasted 02:27:29 (8875 turns).

glosham the Phalangite (Merfolk Abyssal Knight)     Turns: 8875, Time: 02:27:29

Health: -4/91      AC: 19    Str: 16    XL:     12   Next: 60%
Magic:  13/13      EV: 17    Int: 12    God:    Lugonu [****..]
Gold:   794        SH:  0    Dex: 13    Spells: 0 memorised, 11 levels left

rFire  . . .     SeeInvis +     b - +7 mace of Tender Mercy {venom, +Inv rElec MR+}
rCold  + . .     Gourm    .     X - +4 chain mail {rPois}
rNeg   . . .     Faith    +     (no shield)
rPois  +         Spirit   .     U - +2 helmet
rElec  +         Dismiss  .     (no cloak)
rCorr  .         Reflect  .     V - +0 pair of gloves
MR     +....     Harm     .     W - +0 pair of boots
Stlth  .......... Rnd*Tele +    z - amulet of faith {!P}
                                B - ring of see invisible
                                A - +6 ring of evasion

@: no status effects
A: change form in water, swift swim, rough black scales 1, cold resistance 1,
teleportitis 1, subdued magic 2
a: Depart the Abyss, Bend Space, Banish, Corrupt, Renounce Religion, Evoke
Invisibility


You were on level 1 of the Lair of Beasts.
You worshipped Lugonu.
Lugonu was greatly pleased with you.
You were not hungry.

You visited 2 branches of the dungeon, and saw 11 of its levels.
You visited the Abyss 2 times.

You collected 794 gold pieces.

Inventory:

Hand Weapons
 a - a +6 broad axe of electrocution
 b - the +7 mace of Tender Mercy (weapon) {venom, +Inv rElec MR+}
   (You took it off an ogre mage on level 10 of the Dungeon)

   It poisons the flesh of those it strikes.
   It insulates you from electricity.
   It affects your resistance to hostile enchantments.
   It lets you turn invisible.
 c - a +0 glaive
Missiles
 d - 8 javelins
 j - a throwing net (quivered)
Armour
 D - the +1 robe of the Countless Ships {rF+ Int+2 Slay+2}
   (You found it on level 6 of the Dungeon)

   It affects your intelligence (+2).
   It affects your accuracy and damage with ranged weapons and melee attacks
   (+2).
   It protects you from fire.
 T - a +0 scale mail of magic resistance
 U - a +2 helmet (worn)
 V - a +0 pair of gloves (worn)
 W - a +0 pair of boots (worn)
 X - a +4 chain mail of poison resistance (worn)
Magical Staves
 e - an uncursed staff of energy {!a}
Jewellery
 y - an uncursed amulet of rage
 z - an amulet of faith (around neck) {!P}
 A - a +6 ring of evasion (left hand)
 B - a ring of see invisible (right hand)
Wands
 g - a wand of lightning (9/15)
 h - a wand of acid (4/15)
 i - a wand of iceblast (5/15)
Scrolls
 k - 3 scrolls of teleportation
 l - a scroll of enchant armour
 n - 3 scrolls of fear
 o - 5 scrolls of remove curse
 p - a scroll of identify
Potions
 m - a potion of cure mutation {!q}
 q - 2 potions of ambrosia
 r - 2 potions of heal wounds
 s - 5 potions of brilliance
 t - a potion of magic
 u - a potion of invisibility
 v - a potion of cancellation
 w - a potion of flight
 x - a potion of might
Comestibles
 f - 13 bread rations
 C - 3 chunks of flesh


   Skills:
 - Level 7.4 Fighting
 * Level 22.3 Polearms
 - Level 0.6 Armour
 - Level 10.6 Dodging
 - Level 2.0 Invocations


You had 11 spell levels left.
You didn't know any spells.

Dungeon Overview and Level Annotations

Branches:
Dungeon (10/15)            Temple (0/1) D:7            Lair (1/6) D:8
    Orc (0/2) D:10

Altars:
Cheibriados
Kikubaaqudgha
Nemelex Xobeh
Sif Muna
Vehumet

Shops:
D:4 (


Innate Abilities, Weirdness & Mutations

You revert to your normal form in water.
You are very nimble and swift while swimming.
You are partially covered in rough black scales. (AC +2, Dex -1)
Your flesh is cold resistant. (rC+)
You are occasionally teleported next to monsters.
Your spells are easier to cast, but less powerful.


Message History

The seven-headed hydra bites you! The seven-headed hydra misses you.
A yak comes into view.
You sock the seven-headed hydra!
The seven-headed hydra is almost dead.
The seven-headed hydra bites you but does no damage.
The seven-headed hydra misses you.
The seven-headed hydra completely misses you.
The seven-headed hydra bites you but does no damage.
The seven-headed hydra closely misses you.
The seven-headed hydra barely misses you.
The seven-headed hydra bites you!
You barely miss the seven-headed hydra.
The seven-headed hydra is almost dead.
The seven-headed hydra is no longer covered in acid.
The giant frog closely misses you.
The seven-headed hydra bites you but does no damage. x2
The seven-headed hydra bites you.
The seven-headed hydra bites you but does no damage.
The seven-headed hydra barely misses you.
The seven-headed hydra bites you.
The seven-headed hydra closely misses you.
Your chain mail prevents you from hitting the seven-headed hydra.
The seven-headed hydra is almost dead.
The giant frog closely misses you. The seven-headed hydra bites you.
* * * LOW HITPOINT WARNING * * *
The seven-headed hydra closely misses you.
The seven-headed hydra misses you. The seven-headed hydra bites you!
* * * LOW HITPOINT WARNING * * *
The seven-headed hydra bites you but does no damage. x2
The seven-headed hydra barely misses you.
The giant frog barely misses you.
The seven-headed hydra bites you but does no damage.
The seven-headed hydra bites you.
* * * LOW HITPOINT WARNING * * *
The seven-headed hydra bites you but does no damage.
The seven-headed hydra bites you!
* * * LOW HITPOINT WARNING * * *
The seven-headed hydra bites you but does no damage.
The seven-headed hydra misses you. The seven-headed hydra bites you!
You die...

##..#..... ..
........#..
..#....#.
....... .
.....# ...
#.Y..#....
######.D...#.+#
......F@.......
...............
...............
...............
.............##
..
####+#......#..
.. ##...... . .
#.!...#. . ..


You could see a seven-headed hydra, a yak and a giant frog.

Vanquished Creatures
  A tentacled starspawn (Abyss:2)
  A sphinx (D:10)
  Josephine (D:10)
  An ettin (D:10)
  A fire dragon (D:10)
  An ogre mage (D:10)
  A deep troll earth mage (D:10)
  Nergalle (Lair:1)
  A deep elf knight (D:10)
  A phantasmal warrior (D:10)
  An orc knight (D:10)
  A manticore (D:7)
  An elephant (D:8)
  A troll (D:10)
  Prince Ribbit (D:5)
  A shadow (D:7)
  A hill giant zombie (D:10)
  3 wraiths (D:10)
  4 yaks
  6 humans (D:6)
  A steam dragon (D:7)
  A hungry ghost (D:10)
  A hippogriff (D:7)
  A soldier ant (D:10)
  A porcupine (Lair:1)
  A black bear (D:10)
  5 sky beasts
  4 ice beasts
  3 orc warriors
  2 phantoms
  6 ogres
  4 centaurs
  A crocodile (D:8)
  A big kobold (D:7)
  7 giant frogs
  A gnoll sergeant (D:7)
  5 scorpions
  A troll zombie (D:10)
  4 killer bees (D:9)
  12 wights
  3 vampire bats (D:3)
  4 howler monkeys
  3 crimson imps
  A centaur zombie (D:6)
  A giant frog zombie (D:8)
  2 jellies (D:6)
  A wasp zombie (D:8)
  7 hounds
  A gnoll shaman (D:9)
  A quasit (D:7)
  4 orc priests
  3 giant frog skeletons
  4 iguanas
  10 orc wizards
  4 worker ants
  6 ogre zombies (D:10)
  A sheep (D:8)
  16 gnolls
  10 adders
  2 shadow imps
  An adder skeleton (D:4)
  2 worms
  A dart slug (D:3)
  3 giant geckos
  39 orcs
  6 giant cockroaches
  9 goblins
  2 hobgoblins
  10 jackals
  A quokka (D:8)
  9 bats
  4 giant newts
  A goblin skeleton (D:10)
  4 goblin zombies (D:10)
  A hobgoblin skeleton (D:10)
  A hobgoblin zombie (D:10)
  A jackal zombie (D:5)
  10 kobolds
  5 orc skeletons (D:10)
  11 orc zombies (D:10)
  A quokka skeleton (D:8)
  10 rats
  A fungus (D:6)
309 creatures vanquished.

Vanquished Creatures (others)
  A quokka (D:7)
  2 starspawn tentacles (Abyss:2)
3 creatures vanquished.

Grand Total: 312 creatures vanquished

Notes
Turn   | Place    | Note
-------+----------+-------------------------------------------
     0 | Abyss:1  | glosham the Merfolk Abyssal Knight began the quest for the Orb.
     0 | Abyss:1  | Reached XP level 1. HP: 18/18 MP: 2/2
    42 | Abyss:2  | Found a corrupted altar of Lugonu.
    74 | Abyss:2  | Noticed a golden eye
    82 | Abyss:2  | Noticed a ynoxinul
    86 | Abyss:2  | Noticed a large abomination
    92 | D:1      | Escaped the Abyss
   207 | D:1      | Found a sparkling altar of Nemelex Xobeh.
   342 | D:1      | Reached * piety under Lugonu
   472 | D:1      | Reached skill level 4 in Polearms
   472 | D:1      | Reached XP level 2. HP: 24/24 MP: 3/3
   626 | D:2      | Found a faded altar of an unknown god.
   785 | D:2      | Reached skill level 5 in Polearms
   785 | D:2      | Reached XP level 3. HP: 28/29 MP: 4/4
   836 | D:2      | Found a deep blue altar of Sif Muna.
   839 | D:2      | Found a radiant altar of Vehumet.
   839 | D:2      | Found a snail-covered altar of Cheibriados.
   856 | D:2      | Found an ancient bone altar of Kikubaaqudgha.
  1277 | D:3      | Reached skill level 6 in Polearms
  1296 | D:3      | Reached XP level 4. HP: 35/35 MP: 5/5
  1449 | D:3      | Noticed a giant frog
  1461 | D:3      | Killed a giant frog
  1461 | D:3      | Reached skill level 7 in Polearms
  1461 | D:3      | Reached XP level 5. HP: 18/41 MP: 6/6
  1496 | D:3      | Reached ** piety under Lugonu
  1503 | D:3      | Reached skill level 8 in Polearms
  1593 | D:3      | Reached skill level 9 in Polearms
  1593 | D:3      | Reached XP level 6. HP: 37/47 MP: 7/7
  2276 | D:4      | Reached skill level 10 in Polearms
  2309 | D:4      | Found Ehokibar's Weapon Shoppe.
  2341 | D:4      | Reached XP level 7. HP: 52/52 MP: 8/8
  2551 | D:5      | Entered Level 5 of the Dungeon
  2582 | D:5      | Reached skill level 11 in Polearms
  2678 | D:5      | Reached skill level 12 in Polearms
  2897 | D:5      | Reached XP level 8. HP: 55/58 MP: 9/9
  3132 | D:5      | Noticed Prince Ribbit
  3159 | D:5      | Reached *** piety under Lugonu
  3256 | D:5      | Killed Prince Ribbit
  3256 | D:5      | Reached skill level 13 in Polearms
  3407 | D:6      | Got a steaming robe
  3426 | D:5      | Identified the +1 robe of the Countless Ships {rF+ Int+2 Slay+2} (You found it on level 6 of the Dungeon)
  3486 | D:5      | Reached skill level 14 in Polearms
  3656 | D:6      | Reached skill level 15 in Polearms
  3662 | D:6      | Gained mutation: Your spells are a little easier to cast, but a little less powerful. [mutagenic meat]
  3665 | D:6      | Gained mutation: You are somewhat resistant to further mutation. [mutagenic meat]
  3719 | D:6      | Reached XP level 9. HP: 62/64 MP: 10/10
  3809 | D:6      | Reached skill level 16 in Polearms
  4183 | D:6      | Reached skill level 17 in Polearms
  4638 | D:7      | Noticed a manticore
  4646 | D:7      | Killed a manticore
  4646 | D:7      | Reached skill level 18 in Polearms
  4646 | D:7      | Reached XP level 10. HP: 40/70 MP: 11/11
  4706 | D:7      | Reached **** piety under Lugonu
  4755 | D:7      | Gained mutation: You are partially covered in rough black scales. (AC +2, Dex -1) [potion of mutation]
  4755 | D:7      | Gained mutation: Your flesh is cold resistant. (rC+) [potion of mutation]
  4788 | D:7      | Found a staircase to the Ecumenical Temple.
  4926 | D:7      | Reached skill level 4 in Fighting
  5652 | D:8      | Reached skill level 19 in Polearms
  5884 | D:8      | Reached skill level 5 in Fighting
  6053 | D:8      | Gained mutation: You are occasionally teleported next to monsters. [mutagenic meat]
  6088 | D:8      | Found a staircase to the Lair.
  6088 | D:8      | Noticed an elephant
  6113 | D:8      | Killed an elephant
  6262 | D:9      | Reached ***** piety under Lugonu
  6262 | D:9      | Reached skill level 6 in Fighting
  6675 | D:9      | Reached XP level 11. HP: 74/82 MP: 12/12
  6690 | D:9      | Reached skill level 20 in Polearms
  7438 | D:10     | Entered Level 10 of the Dungeon
  7479 | D:10     | Found a runed door.
  7479 | D:10     | Noticed an ogre mage
  7479 | D:10     | Noticed a deep troll earth mage
  7479 | D:10     | Noticed an orc knight
  7481 | D:10     | Noticed a sphinx
  7481 | D:10     | Noticed a phantasmal warrior
  7481 | D:10     | Noticed a fire dragon
  7481 | D:10     | Noticed a deep elf knight
  7481 | D:10     | Noticed an ettin
  7487 | D:10     | Killed an ogre mage
  7487 | D:10     | Reached skill level 7 in Fighting
  7491 | D:10     | Killed a deep troll earth mage
  7497 | D:10     | Killed an ettin
  7497 | D:10     | Reached skill level 4 in Dodging
  7505 | D:10     | Killed an orc knight
  7505 | D:10     | Reached skill level 5 in Dodging
  7515 | D:10     | HP: 3/84 [deep elf knight/stone arrow (39)]
  7520 | D:10     | Killed a deep elf knight
  7520 | D:10     | Reached skill level 6 in Dodging
  7525 | D:10     | Killed a phantasmal warrior
  7525 | D:10     | Reached skill level 7 in Dodging
  7529 | D:10     | Killed a sphinx
  7529 | D:10     | Reached skill level 9 in Dodging
  7539 | D:10     | Killed a fire dragon
  7539 | D:10     | Reached skill level 10 in Dodging
  7539 | D:10     | Reached XP level 12. HP: 36/91 MP: 13/13
  7541 | D:10     | Got a bone mace {venom}
  7579 | D:10     | Identified the +7 mace of Tender Mercy {venom, +Inv rElec MR+} (You took it off an ogre mage on level 10 of the Dungeon)
  7663 | D:10     | Noticed Josephine
  7679 | D:10     | Killed Josephine
  7679 | D:10     | Reached skill level 21 in Polearms
  7905 | D:10     | Gained mutation: Your spells are easier to cast, but less powerful. [potion of mutation]
  7905 | D:10     | Lost mutation: You are somewhat resistant to further mutation. [potion of mutation]
  7969 | D:10     | Got a smoking whip
  7970 | D:10     | Identified the +6 whip of Entrepreneurial Spirit {slash, rElec rPois Dex+4 Stlth-} (You found it on level 10 of the Dungeon)
  8340 | D:10     | Found a staircase to the Orcish Mines.
  8396 | D:10     | Reached ****** piety under Lugonu
  8676 | Abyss:2  | Noticed a tentacled starspawn
  8687 | Abyss:2  | Killed a tentacled starspawn
  8687 | Abyss:2  | Reached skill level 22 in Polearms
  8697 | D:8      | Escaped the Abyss
  8699 | Lair:1   | Entered Level 1 of the Lair of Beasts
  8699 | Lair:1   | Noticed Nergalle
  8860 | Lair:1   | Killed Nergalle
  8868 | Lair:1   | Noticed a seven-headed hydra
  8875 | Lair:1   | HP: 5/91 [seven-headed hydra (8)]
  8875 | Lair:1   | Slain by a seven-headed hydra

Vault maps used:
D:1:      grunt_arrival_lava_bath, nemelex_xobeh_ov_fountains_minmay
D:2:      grunt_temple_overflow_open, ecumenical_altar_1
D:3:      roderic_batcave, minivault_14
D:4:      first_bread, serial_shops, nicolae_shop_statue_plus
D:5:      wad_floor_pattern_2, grunt_ministairs_10, grunt_decor_cap,
          st_stairs_14, uniq_prince_ribbit1
D:6:      kennysheep_nondescript, minmay_gold_behind_fungi, minmay_ruffians
D:7:      hangedman_decor_diamond_cutter
D:8:      david_lair_generic
D:9:      serial_co_window_serial, co_window_corner_a, co_window_corner_a,
          co_window_corner_a, co_window_corner_a, co_window_paths_a,
          co_window_2corner, co_window_corner_ca, co_window_corner_b,
          co_window_2corner, co_window_unsneaky_path_a, co_window_paths_c,
          co_window_paths_e, co_window_4corner_b, glass_columns_a,
          glass_columns_c, glass_columns_a
D:10:     minmay_gate_of_8, zombieorc2_lemuel, grunt_ogre_cave, uniq_josephine
Lair:1:   st_stairs_12, beast_lair_carwin_7, uniq_nergalle, uniq_sonja,
          uniq_gastronok
Abyss:1:  lemuel_flamethrower_2

Skill      XL: |  1  2  3  4  5  6  7  8  9 10 11 12 |
---------------+-------------------------------------+-----
Polearms       | 4 5 6 7 9 10 12 15 18 19 20 22 | 22.3
Fighting       | 6 7 |  7.4
Dodging        | 10 | 10.6
Armour         | |  0.6
Invocations    | |  2.0

Action                   |  1- 3 |  4- 6 |  7- 9 | 10-12 || total
-------------------------+-------+-------+-------+-------++-------
Melee: Spear             |   125 |   183 |   503 |    59 ||   870
       Trident           |       |       |       |   321 ||   321
       Halberd           |       |       |       |    87 ||    87
       Broad axe         |       |       |       |   173 ||   173
       Mace              |       |       |       |     5 ||     5
 Fire: Arbalest          |       |     2 |    14 |     7 ||    23
Throw: Throwing net      |       |       |       |     3 ||     3
Invok: Depart the Abyss  |     1 |       |       |     1 ||     2
       Enter the Abyss   |       |       |       |     1 ||     1
Evoke: Wand              |       |       |       |     2 ||     2
  Use: Scroll            |     9 |     5 |     4 |     7 ||    25
       Potion            |       |       |     3 |    11 ||    14
 Stab: Sleeping          |     1 |       |     1 |     4 ||     6
       Distracted        |     1 |       |       |     1 ||     2
       Held in net/web   |       |       |       |     1 ||     1
  Eat: Chunk             |     1 |     2 |     9 |    15 ||    27
       Fruit             |       |     2 |     3 |       ||     5
       Beef jerky        |       |       |       |     7 ||     7
Armor: Leather armour    |    17 |       |       |       ||    17
       Scale mail        |     2 |    39 |    13 |       ||    54
       Robe              |       |       |    17 |    51 ||    68
       Chain mail        |       |       |       |    92 ||    92
Dodge: Dodged            |    63 |    79 |   157 |   322 ||   621

Table legend:
 A = Turns spent in this place as a percentage of turns spent in the entire game.
 B = Non-inter-level travel turns spent in this place as a percentage of non-inter-level travel turns spent in the entire game.
 C = Inter-level travel turns spent in this place as a percentage of turns spent in this place.
 D = Turns resting spent in this place as a percentage of non-inter-level travel turns spent in this place.
 E = Turns spent auto-exploring this place as a percentage of non-inter-level travel turns spent in this place.
 F = Non-inter-level travel turns spent in this place divided by the number of levels of this place that you've seen.
                   A       B       C       D       E      F
               +-------+-------+-------+-------+-------+----------------------
         Total | 100.0 | 100.0 |   0.5 |   0.5 |   0.3 | 450.5
       Dungeon |  96.5 |  96.5 |   0.6 |   0.5 |   0.3 | 652.1
          Lair |   0.6 |   0.7 |   0.0 |   0.0 |   0.0 |  44.0
         Abyss |   2.8 |   2.9 |   0.0 |   0.0 |   0.0 |  48.2
               +-------+-------+-------+-------+-------+----------------------

Table legend:
 A = Kills in this place as a percentage of kills in entire the game.
 B = Kills by you in this place as a percentage of kills by you in the entire game.
 C = Kills by friends in this place as a percentage of kills by friends in the entire game.
 D = Other kills in this place as a percentage of other kills in the entire game.
 E = Experience gained in this place as a percentage of experience gained in the entire game.
 F = Experience gained in this place divided by the number of levels of this place that you have seen.
                   A       B       C       D       E      F
               +-------+-------+-------+-------+-------+----------------------
         Total | 100.0 | 100.0 |  -nan |  -nan | 100.0 | 1769.6
       Dungeon |  99.0 |  99.0 |  -nan |  -nan |  87.1 | 2312.2
          Lair |   0.6 |   0.6 |  -nan |  -nan |   3.6 | 955.0
         Abyss |   0.3 |   0.3 |  -nan |  -nan |   9.3 | 616.8
               +-------+-------+-------+-------+-------+----------------------

Vault maps used:
D:1:      grunt_arrival_lava_bath, nemelex_xobeh_ov_fountains_minmay
D:2:      grunt_temple_overflow_open, ecumenical_altar_1
D:3:      roderic_batcave, minivault_14
D:4:      first_bread, serial_shops, nicolae_shop_statue_plus
D:5:      wad_floor_pattern_2, grunt_ministairs_10, grunt_decor_cap,
          st_stairs_14, uniq_prince_ribbit1
D:6:      kennysheep_nondescript, minmay_gold_behind_fungi, minmay_ruffians
D:7:      hangedman_decor_diamond_cutter
D:8:      david_lair_generic
D:9:      serial_co_window_serial, co_window_corner_a, co_window_corner_a,
          co_window_corner_a, co_window_corner_a, co_window_paths_a,
          co_window_2corner, co_window_corner_ca, co_window_corner_b,
          co_window_2corner, co_window_unsneaky_path_a, co_window_paths_c,
          co_window_paths_e, co_window_4corner_b, glass_columns_a,
          glass_columns_c, glass_columns_a
D:10:     minmay_gate_of_8, zombieorc2_lemuel, grunt_ogre_cave, uniq_josephine
Lair:1:   st_stairs_12, beast_lair_carwin_7, uniq_nergalle, uniq_sonja,
          uniq_gastronok
Abyss:1:  lemuel_flamethrower_2
